[Event "*** Titled Tuesday Blitz"]
[Site "Chess.com"]
[Date "2020.12.29"]
[Round "1"]
[White "grunbergmihai"]
[Black "sergiochess83"]
[Result "0-1"]
[WhiteElo "2415"]
[BlackElo "2793"]
[TimeControl "180+1"]
[EndTime "10:08:12 PST"]
[Termination "sergiochess83 won on time"]

1. Nf3 d5 2. c4 d4 3. e3 Nc6 4. exd4 Nxd4 5. Nc3 Bg4 6. Be2 Bxf3 7. Bxf3 c6 8. d3 g6 9. O-O Bg7 10. g3 e6 11. Bg2 Ne7 12. Bg5 h6 13. Bxe7 Qxe7 14.
Ne2 O-O 15. Nxd4 Bxd4 16. Qd2 Kg7 17. Rfd1 a5 18. Rab1 Rfd8 19. b3 Qc5 20. h4 Rd6 21. Bf3 Rad8 22. Kg2 e5 23. b4 axb4 24. Qxb4 Qxb4 25.
Rxb4 b6 26. Ra4 R8d7 27. Ra6 f5 28. a4 Bc5 29. Re1 Kf6 30. Be2 Bb4 31. Rb1 c5 32. Bf3 Rxd3 33. Rxb6+ R7d6 34. Rxd6+ Rxd6 35. Bd5 e4 36. f4 Ra6 37. Ra1 g5 38. hxg5+ hxg5 39. fxg5+ Kxg5 40. Kf2 Kg4 41. Bb7 Ra7 42. Bc8 Bc3 43. Ra3 Bb4 44. Ra2 Kg5 45. Ke3 Bc3 46. Ra3 Be5 47.
g4 Bd4+ 48. Ke2 f4 49. Bf5 f3+ 50. Kf1 Kf4 51. a5 e3 52. a6 e2+ 53. Ke1 Rxa6 0-1

[Event "*** Titled Tuesday Blitz"]
[Site "Chess.com"]
[Date "2020.12.29"]
[Round "1"]
[White "FishThatRoared"]
[Black "FontVella8"]
[Result "1/2-1/2"]
[WhiteElo "2108"]
[BlackElo "2495"]
[TimeControl "180+1"]
[EndTime "10:08:15 PST"]
[Termination "Game drawn by agreement"]

1. e4 e6 2. d3 d5 3. Nd2 f5 4. Ngf3 Nf6 5. g3 g6 6. Bg2 Bg7 7. O-O O-O 8. Qe2 c5 9. c3 Nc6 10. a3 b6 11. e5 Nd7 12. d4 a5 13. Re1 Ba6 14. Qd1 cxd4 15. cxd4 Rc8 16. Nf1 b5 17. h4 b4 18. h5 Re8 19. hxg6 hxg6 20. g4 Qb6 21.
Be3 Nf8 22. Ng3 Rc7 23. Qd2 Rec8 24. Rac1 Ne7 25. Rc5 Nd7 26. Rxc7 Rxc7 27. gxf5 Nxf5 28. Nxf5 gxf5 29. Rc1 Nf8 30. Rxc7 Qxc7 31. axb4 axb4 32. Qxb4 Bc4 33. Qd6 Qxd6 34. exd6 Bd3 35. Bf1 Be4 36. Ng5 Nd7 37. Bb5 Nf8 38. Be8 Bf6 39. Kf1 Bd3+ 40.
Ke1 f4 41. Bxf4 Bxd4 42. Bf7+ Kg7 43. Bxe6 Bxb2 44. d7 Bc3+ 45. Kd1 Ba5 46. Be5+ Kg6 47.
Nf7 Nxe6 48. Nd6 Bc7 49. Nf7 Bd8 50. Nxd8 Nxd8 51. Bc7 Nc6 52. d8=Q Nxd8 53. Bxd8 Kf5 54. Kd2 Ke4 55. Bb6 Bc4 56. Kc3 Kf3 57. Bd4 Ke2 58. Bc5 Kf3 59. Bd4 Ke4 60. Bc5 Be2 61. Bd4 Bf3 62.
Bc5 Bg4 63. Bd4 Bd7 64. Bc5 Bb5 65. Bd4 Bc4 66. Bc5 1/2-1/2

[Event "*** Titled Tuesday Blitz"]
[Site "Chess.com"]
[Date "2020.12.29"]
[Round "1"]
[White "RamyresCoelho"]
[Black "karinachess1"]
[Result "0-1"]
[WhiteElo "2089"]
[BlackElo "2501"]
[TimeControl "180+1"]
[EndTime "10:08:15 PST"]
[Termination "karinachess1 won by checkmate"]

1. e4 c5 2. Nf3 e6 3. d4 cxd4 4. Nxd4 a6 5. Nc3 b5 6. a3 Qc7 7. Be3 Bb7 8. Qd2 Nf6 9. f3 b4 10. axb4 Bxb4 11. Bd3 d5 12. O-O O-O 13. Kh1 dxe4 14.
fxe4 Nxe4 15. Qe2 Bxc3 16. bxc3 Nd7 17. c4 Ndf6 18. Rae1 Rad8 19. Nf3 h6 20. Nh4 Qc6 21. Nf3 Nc5 22. Ne5 Qc7 23. Bxh6 Nxd3 24. cxd3 Rd4 25.
Rxf6 gxf6 26. Bxf8 Kxf8 27. Nf3 Rg4 28. h3 Rg6 29. d4 Qg3 30. Rg1 Kg7 31. d5 exd5 32. cxd5 Bxd5 33. Qe1 Qf4 34. Qd2 Qf5 35. Qf2 Rh6 36. Qg3+ Rg6 37. Qf2 Bxf3 38. Qxf3 Qxf3 39. gxf3 Rxg1+ 40. Kxg1 Kg6 41. Kf2 Kg5 42. Ke2 Kh4 43. Ke3 Kxh3 44. Kf4 a5 45. Kf5 a4 46. f4 a3 47.
Kxf6 a2 48. f5 a1=Q+ 49. Kxf7 Qa7+ 50. Ke6 Qb6+ 51. Ke7 Qc7+ 52. Ke6 Qc8+ 53. Kf6 Qf8+ 54. Kg6 Kg4 55. f6 Kf4 56. f7 Ke5 57. Kh7 Qxf7+ 58. Kh8 Qe7 59. Kg8 Kf6 60. Kh8 Qg7# 0-1

[Event "*** Titled Tuesday Blitz"]
[Site "Chess.com"]
[Date "2020.12.29"]
[Round "1"]
[White "AttilaTurzo"]
[Black "OparinGrigoriy"]
[Result "1-0"]
[WhiteElo "2486"]
[BlackElo "2965"]
[TimeControl "180+1"]
[EndTime "10:08:16 PST"]
[Termination "AttilaTurzo won by checkmate"]

1. d4 f5 2. g3 Nf6 3. Bg2 g6 4. Nf3 Bg7 5. O-O d6 6. b3 O-O 7. Bb2 a5 8. Nbd2 c6 9. c4 Na6 10. Qc2 Qc7 11. a3 Bd7 12. e4 fxe4 13. Nxe4 Rae8 14.
Rae1 b5 15. Nfd2 b4 16. a4 Qc8 17. f4 Bf5 18. Qc1 Nxe4 19. Nxe4 d5 20. Ng5 e6 21. c5 Nb8 22. h3 h6 23. Nf3 Nd7 24. g4 Be4 25. Ne5 Bxg2 26. Kxg2 Nxe5 27. dxe5 Rf7 28. Bd4 Ref8 29. Rf2 Qa6 30. Qe3 g5 31. f5 exf5 32. e6 Re7 33. gxf5 Bf6 34. Bxf6 Rxf6 35.
Qe5 Kg7 36. Qd6 Qb7 37. Kg1 Kf8 38. Re5 Qc7 39. Rg2 Ke8 40. h4 Rg7 41. hxg5 hxg5 42.
Rh2 Rf8 43. f6 Qxd6 44. cxd6 Rb7 45. f7+ Rbxf7 46. exf7+ Kd7 47. Rhe2 Kxd6 48. Re7 Kc5 49. Ra7 Kd4 50. Re8 Rxf7 51. Rxf7 c5 52. Rc7 c4 53. Rd8 cxb3 54. Rcd7 b2 55. Rxd5+ Kc3 56. Rd3+ Kc2 57. Rd2+ Kb3 58. Rd1 Kxa4 59. Ra8 Kb5 60. Kf2 a4 61. Ke2 a3 62. Kd3 g4 63. Rb8+ Ka4 64. Kc4 g3 65. Ra8# 1-0

[Event "*** Titled Tuesday Blitz"]
[Site "Chess.com"]
[Date "2020.12.29"]
[Round "1"]
[White "Artem_Sadovsky"]
[Black "dosto07"]
[Result "1/2-1/2"]
[WhiteElo "2598"]
[BlackElo "2319"]
[TimeControl "180+1"]
[EndTime "10:08:16 PST"]
[Termination "Game drawn - insufficient material"]

1. Nf3 d5 2. c4 d4 3. e3 Nc6 4.
b4 dxe3 5. fxe3 Nxb4 6. d4 e6 7. Nc3 Nf6 8. a3 Nc6 9. Bd3 g6 10. O-O Bg7 11. Qe1 O-O 12. Qh4 e5 13. d5 e4 14. Ng5 h6 15. Ngxe4 Nxe4 16. Qxe4 Bxc3 17.
Ra2 Ne7 18. Raf2 Bf5 19. Rxf5 Nxf5 20. Rxf5 Re8 21. Qg4 Bg7 22. Rxf7 Kxf7 23. Bxg6+ Kg8 24. Bb2 Re7 25. e4 Qd6 26. e5 Qc5+ 27. Bd4 Qxc4 28. h4 Rf8 29. Kh2 Qc1 30. Bf5 Qf1 31. Be6+ Rxe6 32.
Qxe6+ Qf7 33. Qg4 Qf4+ 34. Qg3 Qxg3+ 35. Kxg3 Re8 36. e6 b6 37. Be3 Be5+ 38. Kf3 Rf8+ 39.
Ke4 Bg7 40. Bf4 Rc8 41. Bh2 Kf8 42. g4 Ke7 43. Bf4 c6 44. g5 cxd5+ 45. Kxd5 hxg5 46. Bxg5+ Ke8 47. Kd6 Bf8+ 48. Ke5 Rc5+ 49. Kf6 Rxg5 50.
hxg5 Be7+ 51. Kf5 Kf8 52. a4 Kg7 53. g6 Bd8 54. Ke5 Be7 55. Kd5 Kxg6 56. Kc6 Kf5 57. Kb7 Kxe6 58. Kxa7 Bc5 59. Ka6 Kd5 60. a5 bxa5 61.
Kxa5 1/2-1/2

[Event "*** Titled Tuesday Blitz"]
[Site "Chess.com"]
[Date "2020.12.29"]
[Round "1"]
[White "AniJak"]
[Black "Carnivoras"]
[Result "1-0"]
[WhiteElo "2338"]
[BlackElo "2615"]
[TimeControl "180+1"]
[EndTime "10:08:18 PST"]
[Termination "AniJak won by resignation"]

1. e4 e5 2. Nc3 Nc6 3. g3 Bc5 4. Bg2 d6 5. Nge2 Nge7 6. Na4 Bb6 7. Nxb6 axb6 8. O-O O-O 9. d4 Bg4 10. f3 Bd7 11.
dxe5 dxe5 12. b3 Be6 13. Bb2 f6 14. a4 Qe8 15. Qe1 Qf7 16. Rd1 Rad8 17. Qc3 Qh5 18. g4 Qh4 19. b4 Rxd1 20. Rxd1 Rc8 21. b5 Nd8 22. Bc1 Ng6 23. Be3 Nf7 24. Ng3 Ng5 25. Nf5 Bxf5 26. exf5 Nf4 27. Bxf4 exf4 28. Qc4+ Kh8 29.
Qxf4 Re8 30. Rf1 Qh6 31. Qxc7 Qh4 32. Qg3 Qh6 33. h4 Nf7 34. f4 g6 35. g5 Qf8 36.
fxg6 hxg6 37. Bxb7 Qc5+ 38. Qf2 Qc7 39. Bc6 Re6 40. Bd5 Rd6 41. c4 Nd8 42. Re1 Kg7 43. Qe3 Nf7 44. Qe7 Rd7 45. Qxf6+ Kh7 46. Re6 Qc5+ 47.
Kg2 Nh8 48. Rc6 Qe3 49. Qe6 Qd2+ 50. Kg3 Qd3+ 51. Bf3 Nf7 52. a5 bxa5 53. b6 a4 54. Rc7 Rxc7 55. bxc7 Nd6 56. Qd7+ Kg8 57. c8=Q+ 1-0

[Event "*** Titled Tuesday Blitz"]
[Site "Chess.com"]
[Date "2020.12.29"]
[Round "1"]
[White "ural58"]
[Black "RobertoJBM"]
[Result "1/2-1/2"]
[WhiteElo "2396"]
[BlackElo "2716"]
[TimeControl "180+1"]
[EndTime "10:08:19 PST"]
[Termination "Game drawn - insufficient material"]

1. e4 c6 2. b3 d5 3. Qe2 dxe4 4.
Nc3 Nf6 5. Nxe4 Nxe4 6. Qxe4 Qd5 7.
Qe3 Bf5 8. Bb2 Qe4 9. d3 Qxe3+ 10. fxe3 Nd7 11. Nf3 e6 12. Nh4 Bg6 13. O-O-O Nf6 14. h3 Bd6 15. Be2 O-O 16. Rhf1 Nd5 17. Nxg6 hxg6 18.
Rf3 Rad8 19. a3 Be7 20. Kb1 Bf6 21. Bxf6 gxf6 22. Kb2 f5 23. g4 Kg7 24. Rg1 fxg4 25. hxg4 g5 26. c4 Ne7 27. d4 c5 28. Kc3 cxd4+ 29.
exd4 Ng6 30. Rgf1 Nf4 31. Rxf4 gxf4 32. Rxf4 f6 33. Bd3 Rh8 34. Re4 Kf7 35. c5 Rh3 36. Kc4 Rg3 37. a4 Ke7 38. b4 Rh8 39. d5 e5 40. d6+ Ke6 41. Kb5 Kd5 42. Bb1 Rb3 43. Re1 Rb2 44. Be4+ Ke6 45. Bxb7 Rb8 46. c6 Kxd6 47.
Rd1+ Ke6 48. Ka5 Rc2 49. b5 e4 50. Ka6 Rf8 51. Kxa7 e3 52. b6 f5 53. gxf5+ Rxf5 54. c7 Ra5+ 55. Kb8 Rxa4 56. c8=Q+ Rxc8+ 57. Bxc8+ Ke5 58. b7 Rd4 59. Re1 Ke4 60. Bd7 Rxd7 61. Kc8 Rxb7 62.
Kxb7 Kd3 63. Rxe3+ Kxe3 1/2-1/2

[Event "*** Titled Tuesday Blitz"]
[Site "Chess.com"]
[Date "2020.12.29"]
[Round "1"]
[White "bocah_sakit"]
[Black "IMVoja"]
[Result "1-0"]
[WhiteElo "2814"]
[BlackElo "2422"]
[TimeControl "180+1"]
[EndTime "10:08:20 PST"]
[Termination "bocah_sakit won on time"]

1. e4 c5 2. Nf3 d6 3. d4 cxd4 4. Nxd4 Nf6 5. Nc3 g6 6. Be3 Bg7 7. f3 a6 8. Qd2 h5 9. O-O-O b5 10.
Nd5 Nxd5 11. exd5 Qc7 12. Kb1 Bb7 13. h4 Nd7 14. Bg5 Nf6 15. Nxb5 axb5 16. Bxb5+ Kf8 17. c4 Kg8 18. a3 Kh7 19. g4 Bc8 20. Rdg1 Bd7 21. gxh5 Bf5+ 22. Ka2 Nxh5 23. Re1 e6 24. Rhg1 Rhe8 25. Bxe8 Rxe8 26. b3 Ra8 27. Be3 exd5 28. Qxd5 Ra5 29. Qd2 Ra6 30. Rg5 Qa5 31. Qxa5 Rxa5 32. Rg2 Be5 33. Rd1 Ra6 34. Rgd2 Nf4 35. b4 Ne6 36. b5 Ra8 37. Kb3 Nc5+ 38. Bxc5 dxc5 39. a4 Bc7 40. Rd5 Bb6 41. Rd6 Rb8 42. Rc6 Kg7 43. Rdd6 Ba5 44. Ra6 Bb4 45. b6 Re8 46. a5 Re3+ 47. Ka4 Bc2+ 48. Kb5 Rb3 49. Kc6 Ba3 50. b7 Bd1 51. Rb6 Rxb6+ 52. Kxb6 Bxf3 53.
b8=Q Bb4 54. Rd8 Be4 55. Rg8+ Kf6 56. Qf4+ Bf5 57. Qd6+ Be6 58. a6 Kf5 59. a7 Ke4 60.
a8=Q+ 1-0

[Event "*** Titled Tuesday Blitz"]
[Site "Chess.com"]
[Date "2020.12.29"]
[Round "1"]
[White "Kosak12"]
[Black "Eternauta2400"]
[Result "1-0"]
[WhiteElo "2781"]
[BlackElo "2409"]
[TimeControl "180+1"]
[EndTime "10:08:21 PST"]
[Termination "Kosak12 won by resignation"]

1. e4 e5 2. Nf3 Nc6 3. Bb5 a6 4. Ba4 Nf6 5. O-O Bc5 6. c3 b5 7. Bc2 d6 8. d4 Ba7 9. h3 Bb7 10. Re1 O-O 11. Bg5 h6 12. Bh4 g5 13. Bg3 Re8 14.
dxe5 Nxe5 15. Nbd2 Nxf3+ 16. Qxf3 Kg7 17. Rad1 Bb6 18.
Qd3 Qd7 19. e5 dxe5 20. Bxe5 Qxd3 21. Bxd3 Rad8 22. Nf1 Re6 23. Ng3 Kf8 24. Kf1 Rd5 25. f4 gxf4 26. Bxf4 Rxe1+ 27. Kxe1 h5 28. Kf1 h4 29.
Nf5 Nh5 30. Bh6+ Ke8 31. Re1+ Kd7 32. Be4 Rxf5+ 33. Bxf5+ Kd6 34. Bf8+ Kc6 35. Be4+ Kd7 36. Rd1+ Ke8 37. Bxb7 Kxf8 38. Bxa6 c6 39. Bb7 c5 40. Bc6 b4 41. cxb4 cxb4 42. Rd7 Ng3+ 43. Ke1 Nf5 44.
Bd5 Ne7 45. Bb3 Bc5 46. Rc7 Bd6 47. Rc4 Nf5 48. Ke2 Be5 49. Rc5 Ng3+ 50. Kf3 Bxb2 51. Rc7 f6 52. Rh7 Nf5 53. Rh5 Nd4+ 54. Ke4 Kg7 55.
Rxh4 f5+ 56. Kd5 Ne2 57. Rxb4 Kf6 58. Rb6+ Kg5 59. a4 Nf4+ 60. Kc4 Nxg2 61. a5 Ne3+ 62. Kd3 f4 63. a6 f3 64. Kxe3 1-0

[Event "*** Titled Tuesday Blitz"]
[Site "Chess.com"]
[Date "2020.12.29"]
[Round "1"]
[White "ChessLover0108"]
[Black "Jean-Claude_Vandal"]
[Result "1-0"]
[WhiteElo "2763"]
[BlackElo "2404"]
[TimeControl "180+1"]
[EndTime "10:08:22 PST"]
[Termination "ChessLover0108 won by checkmate"]

1. d4 d5 2. c4 c6 3. Nf3 Nf6 4. Nc3 e6 5. Bg5 h6 6. Bxf6 Qxf6 7. e3 g6 8. Bd3 Bg7 9. e4 dxe4 10. Nxe4 Qe7 11.
O-O O-O 12. c5 e5 13. dxe5 Bxe5 14. Re1 Bg7 15. Nd6 Qc7 16. Qb3 Nd7 17. Qc4 b5 18. Qc2 Nf6 19. Ne5 Nd5 20. Nexf7 Rxf7 21. Nxf7 Qxf7 22.
Bxg6 Qf6 23. Re8+ Bf8 24. Rae1 Bb7 25. g3 Rxe8 26. Rxe8 b4 27. h4 Ba6 28. h5 Ne7 29. Qb3+ Kg7 30. Be4 Be2 31. Qxb4 Bxh5 32. Ra8 Bf7 33.
Rxa7 h5 34. Qd2 h4 35. Qd6 Qg5 36. b4 h3 37. Kh2 Ng6 38. Qd4+ Kg8 39. Bxc6 Ne5 40.
Bd5 Ng4+ 41. Qxg4 Qxg4 42. Rxf7 Kh8 43. Rxf8+ Kh7 44. Rf4 Qe2 45. Be4+ Kg7 46. Kxh3 Qxa2 47. c6 Qc4 48. Bf3 Qe6+ 49. Kg2 Qc8 50. b5 Kh6 51.
b6 Qb8 52. b7 Qc7 53. Rb4 Qb8 54. c7 Qxc7 55. b8=Q Qg7 56. Qf4+ Qg5 57. Rb6+ Kh7 58.
Qxg5 Kh8 59. Rh6# 1-0

[Event "*** Titled Tuesday Blitz"]
[Site "Chess.com"]
[Date "2020.12.29"]
[Round "1"]
[White "Nafania1"]
[Black "baag"]
[Result "0-1"]
[WhiteElo "2384"]
[BlackElo "2722"]
[TimeControl "180+1"]
[EndTime "10:08:22 PST"]
[Termination "baag won by resignation"]

1. e4 e5 2. Nf3 Nc6 3. Bb5 a6 4. Ba4 d6 5. O-O Nf6 6. Bxc6+ bxc6 7. d4 exd4 8. Nxd4 c5 9. Nc6 Qd7 10.
Na5 Be7 11. Re1 O-O 12. c4 Rb8 13. Nc3 Re8 14. Rb1 Bf8 15. Bg5 Ng4 16. f4 f6 17. Bh4 c6 18. h3 Nh6 19. Qd3 Qc7 20. Nb3 Be6 21. f5 Bf7 22. Bg3 a5 23. Kh2 Rb4 24. Nd2 Rd8 25. a3 Rbb8 26. b3 Be8 27. Nf3 Nf7 28. Red1 Ne5 29. Nxe5 dxe5 30. Qc2 Rd4 31.
Bf2 g6 32. Ne2 gxf5 33. exf5 Rbd8 34. Nxd4 cxd4 35. c5 e4+ 36. Bg3 Qe7 37. b4 d3 38.
Qc3 axb4 39. axb4 Rd5 40. Rb2 Rxf5 41. Re1 Bf7 42. Bd6 Qe8 43. Bxf8 Kxf8 44. Rd2 Qe5+ 45. Qxe5 Rxe5 46. Re3 f5 47. Kg3 Ke7 48. Kf4 Kf6 49.
Ra2 Bc4 50. Rd2 Re7 51. g4 fxg4 52. hxg4 Bd5 53. g5+ Kg6 54. Kg4 Rf7 55. Rh2 Be6+ 56. Kg3 Bf5 57. Rh6+ Kxg5 58. Rxc6 h5 59. Rd6 h4+ 60.
Kh2 Kf4 61. Re1 e3 62. Rf1+ Ke5 63. Rd8 e2 64. Re1 Rd7 65. Rxd7 Bxd7 66. Kg2 Bb5 67.
Kf2 h3 68. Ke3 Kd5 69. Rh1 Kc4 70. Kd2 Bd7 71. Rxh3 Bxh3 72. c6 Kxb4 73. c7 Bc8 74.
Kxd3 e1=Q 0-1

[Event "*** Titled Tuesday Blitz"]
[Site "Chess.com"]
[Date "2020.12.29"]
[Round "1"]
[White "VladaSviridova"]
[Black "GelmanAlexander"]
[Result "0-1"]
[WhiteElo "2261"]
[BlackElo "2562"]
[TimeControl "180+1"]
[EndTime "10:08:24 PST"]
[Termination "GelmanAlexander won by resignation"]

1. d4 Nf6 2. c4 c5 3. d5 b5 4.
cxb5 a6 5. bxa6 e6 6. Nc3 exd5 7. Nxd5 Nxa6 8. Nf3 Nxd5 9. Qxd5 Nc7 10. Qe5+ Ne6 11. g3 Be7 12. Bg2 Bf6 13. Qd5 Ba6 14. Nd2 Rb8 15.
Ne4 O-O 16. O-O Bxb2 17. Bxb2 Rxb2 18. Nxc5 Bxe2 19. Rfe1 Qa5 20. Nxd7 Qxd5 21. Bxd5 Rd8 22. Bxe6 fxe6 23. Nc5 Bf3 24. Nxe6 Rdd2 25. Reb1 Rxf2 26.
Rxb2 Rxb2 27. a4 Rg2+ 28. Kf1 Rxh2 29. Ra3 Bd5 30. Nf4 Bb7 31. a5 Ba6+ 32. Kg1 Rb2 33.
Nd3 Bxd3 34. Rxd3 Ra2 35. Rd8+ Kf7 36. Ra8 Kg6 37. a6 Kg5 38. Rg8 g6 39. Rg7 h5 40.
Ra7 Kg4 41. Ra8 Kxg3 42. Kf1 g5 43. a7 g4 44. Rh8 Rxa7 45. Rxh5 Ra1+ 46. Ke2 Kg2 47.
Rg5 g3 48. Rb5 Ra7 49. Rb1 Re7+ 50. Kd3 Kf2 51. Rb2+ Kf1 52. Rb1+ Re1 53. Rb8 g2 54. Rf8+ Kg1 55. Kd2 Re5 56. Rg8 Kf2 57. Rf8+ Kg3 58. Rg8+ Kf3 59. Rf8+ Kg4 60. Rg8+ Rg5 61. Rxg5+ Kxg5 0-1

[Event "*** Titled Tuesday Blitz"]
[Site "Chess.com"]
[Date "2020.12.29"]
[Round "1"]
[White "barbara25"]
[Black "KyronGriffith"]
[Result "1/2-1/2"]
[WhiteElo "2278"]
[BlackElo "2557"]
[TimeControl "180+1"]
[EndTime "10:08:25 PST"]
[Termination "Game drawn by stalemate"]

1. e4 c6 2. d4 d5 3. f3 dxe4 4. fxe4 e5 5. Nf3 Bg4 6. Bc4 Nd7 7. O-O Ngf6 8. c3 Bd6 9. Qc2 O-O 10. Bg5 b5 11.
Bb3 Qc7 12. Nbd2 c5 13. a4 c4 14. Ba2 a6 15. h3 Bxf3 16. Rxf3 Nh5 17. Raf1 h6 18. Be3 Rae8 19. R1f2 exd4 20. Bxd4 Bh2+ 21.
Kh1 Be5 22. Kg1 Qd6 23. Bxe5 Nxe5 24. Rf5 Ng3 25. axb5 Nxf5 26. Rxf5 axb5 27. b3 g6 28. Rf1 Kg7 29. bxc4 bxc4 30. Kh1 Qd3 31. Qc1 Rd8 32.
Nf3 Nxf3 33. gxf3 Qd2 34. Bxc4 Qxc1 35. Rxc1 Kf6 36. Bd5 Ke5 37. c4 Kf4 38. Kg2 Rb8 39.
Rc2 Rb3 40. c5 Rxf3 41. c6 Rc8 42. c7 Rg3+ 43. Kh2 Re3 44. Bb7 Rxc7 45. Rxc7 Re2+ 46.
Kg1 f5 47. exf5 Kxf5 48. Rf7+ Kg5 49. Rf3 Re5 50. Kg2 h5 51. Kg3 Rb5 52. Bc8 Rb6 53.
Rc3 Rb5 54. Bd7 Rd5 55. Be8 Rd6 56. Bb5 Kf6 57. Be2 Rd4 58. Rf3+ Ke5 59. Re3+ Re4 60. Rxe4+ Kxe4 61. Kh4 Ke5 62. Kg5 Ke6 63. Bd3 Kf7 64. Kh6 Kg8 65. Bxg6 Kh8 66. h4 Kg8 67. Bxh5 Kh8 68.
Bg6 Kg8 69. Bh7+ Kh8 70. h5 1/2-1/2

[Event "*** Titled Tuesday Blitz"]
[Site "Chess.com"]
[Date "2020.12.29"]
[Round "1"]
[White "BrandonJacobson"]
[Black "LilRag"]
[Result "1-0"]
[WhiteElo "2929"]
[BlackElo "2466"]
[TimeControl "180+1"]
[EndTime "10:08:26 PST"]
[Termination "BrandonJacobson won by resignation"]

1. e4 c5 2. Nf3 e6 3. d4 cxd4 4. Bg5 Qb6 5. Qxd4 Qxd4 6. Nxd4 a6 7. Nc3 Nc6 8. Nxc6 bxc6 9. O-O-O Nf6 10. Be2 Bb4 11. f3 d5 12. Bd2 Bb7 13. Bd3 O-O 14. Kb1 a5 15. a3 Be7 16. Rhe1 Rfd8 17. Na4 Nd7 18. c4 Ne5 19. Bc3 Nxd3 20. Rxd3 Ba6 21. Rd2 Bxc4 22. Nb6 Rab8 23. Nxc4 dxc4 24. Rxd8+ Bxd8 25. Rd1 Bc7 26. h3 Rd8 27. Rc1 Kf8 28. Be1 Ke7 29. Ka2 Bb6 30. Rxc4 Kd7 31. Bc3 f6 32. Ra4 Ra8 33. b4 Kc7 34. bxa5 Bc5 35. Rc4 Kd6 36. Kb3 e5 37. Bb4 Bxb4 38. axb4 Kc7 39. b5 Rxa5 40. Rxc6+ Kd7 41. Kb4 Ra2 42. Ra6 Rxg2 43. Kc5 Rc2+ 44.
Kb6 h5 45. Ra7+ Kd6 46. Rxg7 Rc3 47. Rg1 Rxf3 48. Rd1+ Ke6 49. Kc6 Rc3+ 50. Kb7 f5 51.
exf5+ Kxf5 52. h4 Kg4 53. Re1 Kf4 54. Rf1+ Kg4 55. Re1 Kf4 56. b6 e4 57. Ka7 Ra3+ 58. Kb8 Rb3 59. b7 e3 60. Kc7 Rc3+ 61.
Kd8 Rd3+ 62. Kc7 Rb3 63. b8=Q Rxb8 64. Kxb8 Kf3 65. Kc7 Kf2 66. Ra1 e2 67. Kd6 e1=Q 68. Rxe1 Kxe1 69. Ke5 Kf2 70. Kf4 Ke2 71. Kg5 Kf3 72.
Kxh5 Kf4 73. Kg6 1-0

[Event "*** Titled Tuesday Blitz"]
[Site "Chess.com"]
[Date "2020.12.29"]
[Round "1"]
[White "LawrenceTrent"]
[Black "TristanCalistri"]
[Result "0-1"]
[WhiteElo "2515"]
[BlackElo "2249"]
[TimeControl "180+1"]
[EndTime "10:08:26 PST"]
[Termination "TristanCalistri won on time"]

1. e4 e5 2. Nc3 Nf6 3. f4 d5 4. fxe5 Nxe4 5. Nf3 Be7 6. d3 Nxc3 7. bxc3 c5 8. Be2 Nc6 9. O-O Be6 10. Bf4 O-O 11.
Qd2 Qa5 12. Kh1 d4 13. c4 Qxd2 14. Nxd2 Rab8 15. a3 b5 16. Bf3 Na5 17. cxb5 Rxb5 18. Rab1 Rfb8 19. h3 Kf8 20. Rxb5 Rxb5 21. Rb1 Rxb1+ 22.
Nxb1 c4 23. Bd2 c3 24. Nxc3 dxc3 25. Bxc3 Bd8 26. Bb4+ Ke8 27. Kg1 Kd7 28. Kf1 Nc6 29.
Bc3 Be7 30. d4 Bc4+ 31. Ke1 Bxa3 32. d5 Nb4 33. Bg4+ Ke8 34. d6 Nxc2+ 35. Kd2 Nb4 36.
Bf3 Be6 37. Bd4 a5 38. Bb6 Nd5 39. Bxa5 Bb2 40. Bc7 Bxe5 41. d7+ Kxd7 42. Bxe5 f6 43. Bb2 Nf4 44. h4 Bd5 45. Bg4+ Be6 46. Bf3 Bd5 47.
Bg4+ Ke7 48. g3 Ne6 49. Ke3 Nc7 50. Ba3+ Kf7 51. Be2 Be6 52. Bd6 Nd5+ 53. Kd4 g6 54. Bf3 Nb6 55. Bc5 Nd7 56. Bd6 Nb6 57. Bc6 Nd7 58.
Bb7 h6 59. Bf3 f5 0-1

[Event "*** Titled Tuesday Blitz"]
[Site "Chess.com"]
[Date "2020.12.29"]
[Round "1"]
[White "elohunter1999"]
[Black "Kolle05"]
[Result "1/2-1/2"]
[WhiteElo "2695"]
[BlackElo "2381"]
[TimeControl "180+1"]
[EndTime "10:08:27 PST"]
[Termination "Game drawn by repetition"]

1. d4 Nf6 2. c4 g6 3. f3 Bg7 4. e4 d6 5. Nc3 O-O 6. Be3 c5 7. Nge2 Nc6 8. d5 Ne5 9. Ng3 e6 10. Be2 exd5 11. cxd5 a6 12. a4 Rb8 13.
O-O Bd7 14. a5 b5 15. axb6 Rxb6 16. Ra2 Qb8 17. Qd2 Bb5 18. Nxb5 axb5 19. Bh6 Nc4 20. Bxc4 Bxh6 21. Qxh6 bxc4 22. Nf5 Nh5 23. g4 gxf5 24. gxh5 f6 25. Kh1 Rf7 26. Rfa1 Qf8 27. Ra8 Rb8 28.
Rg1+ Kh8 29. Rxb8 Qxb8 30. Qf4 Rg7 31. Ra1 Qxb2 32. Ra8+ Rg8 33. Rxg8+ Kxg8 34. Qxd6 Qc1+ 35. Kg2 Qd2+ 36. Kh3 c3 37. Qe6+ Kg7 38. Qe7+ Kg8 39. d6 c2 40. d7 c1=Q 41. d8=Q+ Qxd8 42. Qxd8+ Kf7 43. Qd7+ Kf8 44. Qxf5 Kg7 45. Qd7+ Kh6 46. Qf5 Qg5 47. Qxg5+ Kxg5 48. Kg3 c4 49. f4+ Kxh5 50. Kf3 Kh4 51. e5 fxe5 52. fxe5 Kg5 53. Ke4 c3 54. Kd3 Kf5 55. Kxc3 Kxe5 56. Kd3 Kf4 57. Ke2 Kg4 58. Kf2 Kh3 59. Kg1 h5 60. Kh1 h4 61. Kg1 Kg4 62.
Kh1 h3 63. Kg1 Kf3 64. Kf1 Ke3 65. Ke1 Kf3 66. Kf1 Ke3 67. Ke1 Kf3 68. Kf1 1/2-1/2

[Event "*** Titled Tuesday Blitz"]
[Site "Chess.com"]
[Date "2020.12.29"]
[Round "1"]
[White "krzyzan94"]
[Black "Barmen_EV"]
[Result "1-0"]
[WhiteElo "2640"]
[BlackElo "2331"]
[TimeControl "180+1"]
[EndTime "10:08:27 PST"]
[Termination "krzyzan94 won on time"]

1. c4 e6 2. g3 d5 3. Bg2 d4 4. Nf3 Nc6 5. O-O Nf6 6. e3 e5 7.
exd4 exd4 8. d3 Be7 9. Bg5 O-O 10. Nbd2 Bf5 11. Nb3 a5 12. Re1 Re8 13. Ne5 Nxe5 14. Rxe5 Bg4 15. Qd2 a4 16. Nc5 Bxc5 17. Rxc5 c6 18.
Qf4 Be2 19. Bxf6 Qxf6 20. Qxf6 gxf6 21. Be4 Bg4 22. f3 Be6 23. Kf2 Kg7 24. Rh5 h6 25. g4 Ra6 26. Rb1 Rb6 27. b4 axb3 28. axb3 Rb4 29. Ra5 Rb8 30. Kg3 Kf8 31. h4 Ke7 32. Rh5 b5 33. cxb5 R8xb5 34. Rxh6 Rxb3 35. Rxb3 Rxb3 36. Rh8 c5 37. h5 Rc3 38. h6 f5 39.
gxf5 Bb3 40. h7 Rc1 41. Re8+ Kxe8 42. h8=Q+ Ke7 43. Qe5+ Kd7 44. Bd5 Kc8 45. Bxb3 Rc3 46. Qe8+ Kc7 47. Qxf7+ Kb6 48. Qd5 Ka5 49. f6 Kb4 50. f7 Rxb3 51. Qxb3+ Kxb3 52. f8=Q c4 53. dxc4 Kxc4 54. Qd6 d3 55. f4 Kc3 56. f5 d2 57.
f6 Kc2 58. f7 d1=Q 59. Qxd1+ Kxd1 60. f8=Q Kd2 61. Kf3 Kd3 62. Qd6+ Kc4 63. Ke3 Kc3 64. Qc7+ Kb4 65. Kd3 Kb5 66. Kd4 Kb4 67. Qb8+ 1-0

[Event "*** Titled Tuesday Blitz"]
[Site "Chess.com"]
[Date "2020.12.29"]
[Round "1"]
[White "Alexandr_Kholin"]
[Black "BikingBrian"]
[Result "1/2-1/2"]
[WhiteElo "2548"]
[BlackElo "2258"]
[TimeControl "180+1"]
[EndTime "10:08:27 PST"]
[Termination "Game drawn by repetition"]

1. d4 Nf6 2. c4 g6 3. Nc3 Bg7 4. e4 d6 5. Nge2 O-O 6. Ng3 c6 7. Bd3 a6 8. a4 a5 9. O-O Na6 10. h3 Nb4 11. Be3 e5 12. d5 cxd5 13. cxd5 Nd7 14. Rc1 b6 15. Bb5 Nc5 16. Bc6 Ba6 17.
Bxa8 Bxf1 18. Nxf1 Qxa8 19. Nd2 f5 20. Bxc5 bxc5 21.
Nc4 Bh6 22. Rb1 fxe4 23. Nxe4 Qxd5 24. Qxd5+ Nxd5 25. Nexd6 Rb8 26. Nxa5 Nc3 27. Nc6 Rb6 28. Nc4 Rxc6 29. bxc3 Ra6 30. a5 Bg7 31. Rb5 e4 32.
Rb3 Bf6 33. Kf1 Kg7 34. Ke2 Bd8 35. Ke3 Kf6 36. Kxe4 Bxa5 37. Kd5 Bc7 38. Rb7 Bf4 39. Rxh7 Ra2 40. g3 Bc1 41. Nd6 g5 42. Ke4 Ke6 43.
Rh6+ Kd7 44. Nb7 Rxf2 45. Nxc5+ Kc7 46. Nd3 Re2+ 47. Kd4 g4 48. Rh7+ Kc6 49. hxg4 Be3+ 50. Kc4 Bd2 51. Nb4+ Kd6 52. Kd3 Rg2 53. Rg7 Be1 54.
Rg6+ Kd7 55. Nd5 Rxg3+ 56. Ke4 Bxc3 57. Nxc3 Rxc3 58. Kf5 Ke7 59. Ra6 Kf7 60. Ra7+ Kg8 61. Kg5 Rc6 62. Kh5 Rb6 63. g5 Rc6 64. g6 Rc1 65. Ra8+ Kg7 66. Ra7+ Kg8 67. Rf7 Rh1+ 68. Kg5 Rg1+ 69. Kf6 Rf1+ 70. Kg5 Rg1+ 71. Kh6 Rh1+ 72. Kg5 Rg1+ 1/2-1/2